 Dungeon Crawl Stone Soup version 0.15-a0 (webtiles) character file.

414 4tharraofdagon the Poker (level 6, 4/48 HPs)
             Began as a Merfolk Gladiator on Mar 30, 2014.
             Quit the game in an ossuary.
             The game lasted 00:03:43 (766 turns).

4tharraofdagon the Poker (Merfolk Gladiator)         Turns: 766, Time: 00:03:43

HP   4/48        AC 11     Str 16      XL: 6   Next: 70%
MP   6/6         EV 11     Int  9      God:
Gold 44          SH  0     Dex 19      Spells:  0 memorised,  5 levels left

rFire  . . .     SeeInvis .     a - +0 trident
rCold  . . .     Clarity  .     g - +2 chain mail (curse)
rNeg   . . .     Conserve .     (no shield)
rPois  .         rCorr    .     c - +0 helmet
rElec  .         rRot     .     (no cloak)
SustAb . .       Spirit   .     (no gloves)
rMut   .         Warding  .     (no boots)
Saprov . . .     Stasis   .     (no amulet)
MR     +....                    (no ring)
                                e - ring of protection from magic {unknown}

@: agile, lethally poisoned, somewhat resistant to hostile enchantments,
extremely unstealthy
A: change form in water, swift swim, wild magic 1
a: no special abilities


You were in an ossuary.
You were not hungry.

You visited 1 branch of the dungeon, and saw 4 of its levels.
You also visited: Ossuary.

You collected 44 gold pieces.

Inventory:

Hand weapons
 a - a +0,+0 trident (weapon)
Missiles
 k - 3 throwing nets (quivered)
 m - 24 darts
Armour
 b - a +0 leather armour
 c - a +0 helmet (worn)
 g - a cursed +2 chain mail (worn)
Comestibles
 d - a sausage
 f - a bread ration
 h - a meat ration
 j - 2 chokos
Jewellery
 e - a ring of protection from magic (left hand) {unknown}


   Skills:
 + Level 3.8 Fighting
 * Level 7.5 Polearms
 - Level 2.0 Throwing
 + Level 1.9 Armour
 + Level 5.4 Dodging


You had 5 spell levels left.
You didn't know any spells.

Dungeon Overview and Level Annotations

Branches:
Dungeon (4/15)
 Temple: D:4-7

Altars:


Innate Abilities, Weirdness & Mutations

You revert to your normal form in water.
You are very nimble and swift while swimming.
Your spells are a little harder to cast, but a little more powerful.


Message History

* * * LOW HITPOINT WARNING * * *
You feel sick.
* * * LOW HITPOINT WARNING * * *
You feel sick.
* * * LOW HITPOINT WARNING * * *
You feel sick.
* * * LOW HITPOINT WARNING * * *
You feel sick.
You open the door.
A mummy comes into view.
* * * LOW HITPOINT WARNING * * *
You feel sick. 2 zombies come into view.
* * * LOW HITPOINT WARNING * * *
You feel sick.
There is an open door here. 2 zombies come into view.
* * * LOW HITPOINT WARNING * * *
You feel sick.
Are you sure you want to abandon this character and quit the game? (Confirm with "yes".)

### ###.###
##.....## #...M...#
#.......# #.z...z.#
#Z...z# #@# #'#
##### ###.###
##...## ##.....##
#.....# #.......#
##.....###...∩...##
#.......'...∩∩∩...+
##.....###...∩...##
#.....# #.......#


You could see a mummy, an elf zombie, a centaur zombie and 2 human zombies.

Vanquished Creatures
  2 elf zombies (Ossuary)
  A hound (D:4)
  A human zombie (Ossuary)
  A centaur zombie (Ossuary)
  A worker ant (D:4)
  A mummy (Ossuary)
  7 adders
  A gnoll (D:3)
  A giant mite (D:3)
  A giant gecko (D:2)
  An orc (D:3)
  2 giant cockroaches (D:3)
  5 goblins
  3 hobgoblins
  2 kobolds (D:3)
  3 bats
  A giant newt (D:3)
  3 rats
37 creatures vanquished.

Notes
Turn   | Place    | Note
--------------------------------------------------------------
     0 | D:1      | 4tharraofdagon, the Merfolk Gladiator, began the quest for the Orb.
     0 | D:1      | Reached XP level 1. HP: 16/16 MP: 1/1
    63 | D:2      | Reached XP level 2. HP: 16/23 MP: 2/2
    68 | D:2      | Gained mutation: Your spells are a little harder to cast, but a little more powerful. [potion of beneficial mutation]
    83 | D:2      | Reached skill level 5 in Polearms
   167 | D:3      | Reached XP level 3. HP: 18/28 MP: 3/3
   366 | D:3      | Reached XP level 4. HP: 27/34 MP: 4/4
   434 | D:3      | Reached skill level 6 in Polearms
   508 | D:4      | Reached skill level 1 in Armour
   526 | D:4      | Reached XP level 5. HP: 24/41 MP: 5/5
   617 | D:4      | Found a sand-covered staircase.
   630 | Ossuary  | Entered an ossuary
   671 | Ossuary  | Reached skill level 5 in Dodging
   705 | Ossuary  | Reached XP level 6. HP: 28/47 MP: 6/6
   726 | Ossuary  | Reached skill level 7 in Polearms
   766 | Ossuary  | Quit the game

Action                   |  1- 3 |  4- 6 || total
-------------------------+-------+-------++-------
Melee: Trident           |    73 |   124 ||   197
Throw: Throwing net      |     9 |     4 ||    13
  Use: Potion            |     1 |     2 ||     3
 Stab: Held in net/web   |     2 |     1 ||     3
